ITL
ALLENTOWN HILLBILLIES @ TUSCALOOSA TROUT SLAYERS
09/07/2029
 
TOP OF THE 1ST
Allentown Hillbillies batting - Pitching for Tuscaloosa Trout Slayers : RHP Fernando Rodríguez
Pitching: RHP Fernando Rodríguez
Batting: LHB António Salazar 0-0: Ball
1-0: Ball
2-0: Foul Ball, location: 2F
2-1: Ball
3-1: Fly out, F8 (Flyball, 8RM)
Batting: RHB Von Ford 0-0: Swinging Strike
0-1: Swinging Strike
0-2: Strikes out swinging
Batting: RHB Dan Banks 0-0: Called Strike
0-1: Ball
1-1: Ground out 6-3 (Groundball, 56)
Top of the 1st over - 0 runs, 0 hits, 0 errors, 0 left on base; Allentown 0 - Tuscaloosa 0
BOTTOM OF THE 1ST
Tuscaloosa Trout Slayers batting - Pitching for Allentown Hillbillies : LHP Beau Montgomery
Pitching: LHP Beau Montgomery
Batting: RHB Alfredo Díaz 0-0: Swinging Strike
0-1: SINGLE (Groundball, 56D)
Batting: RHB José Fernández 0-0: Ball
1-0: Grounds into double play, 1-4-3 (Groundball, 15)
Batting: LHB José Delgado 0-0: Called Strike
0-1: Ball
1-1: Called Strike
1-2: Foul Ball, location: 2F
1-2: Ball
2-2: Ball
3-2: Base on Balls
Batting: LHB Ed Hart 0-0: Called Strike
0-1: Foul Ball, location: 2F
0-2: Strikes out swinging
Bottom of the 1st over - 0 runs, 1 hit, 0 errors, 1 left on base; Allentown 0 - Tuscaloosa 0
TOP OF THE 2ND
Allentown Hillbillies batting - Pitching for Tuscaloosa Trout Slayers : RHP Fernando Rodríguez
Batting: LHB John Hudson 0-0: Ball
1-0: SINGLE (Line Drive, 6M)
Batting: RHB Donald Sanford 0-0: Ball
1-0: Ball
2-0: Grounds into double play, 6-4-3 (Groundball, 6)
Batting: RHB Diego Rivera 0-0: Fly out, F9 (Flyball, 9D)
Top of the 2nd over - 0 runs, 1 hit, 0 errors, 0 left on base; Allentown 0 - Tuscaloosa 0
BOTTOM OF THE 2ND
Tuscaloosa Trout Slayers batting - Pitching for Allentown Hillbillies : LHP Beau Montgomery
Batting: RHB Kyle O'Day 0-0: Called Strike
0-1: Ball
1-1: Called Strike
1-2: Strikes out looking
Batting: RHB Satoru Daikawa 0-0: Called Strike
0-1: Ball
1-1: Called Strike
1-2: SINGLE (Line Drive, 9S)
Batting: RHB Iván Moreno 0-0: Grounds into double play, 4-6-3 (Groundball, 4D)
Bottom of the 2nd over - 0 runs, 1 hit, 0 errors, 0 left on base; Allentown 0 - Tuscaloosa 0
TOP OF THE 3RD
Allentown Hillbillies batting - Pitching for Tuscaloosa Trout Slayers : RHP Fernando Rodríguez
Batting: RHB Germano Labrego 0-0: Foul Ball, location: 2F
0-1: Foul Ball, location: 2F
0-2: Strikes out swinging
Batting: RHB Justin Harris 0-0: Ball
1-0: Foul Ball, location: 2F
1-1: Called Strike
1-2: Ball
2-2: Ground out 5-3 (Groundball, 56)
Batting: RHB Joel Jackson 0-0: SINGLE (Flyball, 6MD)
Batting: LHB António Salazar 0-0: Fielders Choice at 2nd, 5-4 (Groundball, 56)
Top of the 3rd over - 0 runs, 1 hit, 0 errors, 1 left on base; Allentown 0 - Tuscaloosa 0
BOTTOM OF THE 3RD
Tuscaloosa Trout Slayers batting - Pitching for Allentown Hillbillies : LHP Beau Montgomery
Batting: LHB Mark Owens 0-0: Ball
1-0: Called Strike
1-1: Ball
2-1: Called Strike
2-2: Ball
3-2: Fly out, F5 (Popup, 5S)
Batting: LHB Pedro Juárez 0-0: Ball
1-0: Ground out 4-3 (Groundball, 4)
Batting: RHB Alfredo Díaz 0-0: Called Strike
0-1: Ground out 5-3 (Groundball, 56S)
Bottom of the 3rd over - 0 runs, 0 hits, 0 errors, 0 left on base; Allentown 0 - Tuscaloosa 0
TOP OF THE 4TH
Allentown Hillbillies batting - Pitching for Tuscaloosa Trout Slayers : RHP Fernando Rodríguez
Batting: RHB Von Ford 0-0: Ball
1-0: Ground out U3 (Groundball, 34)
Batting: RHB Dan Banks 0-0: Ball
1-0: Foul Ball, location: 2F
1-1: Ball
2-1: Called Strike
2-2: Foul Ball, location: 2F
2-2: Ball
3-2: Strikes out looking
Batting: LHB John Hudson 0-0: Ball
1-0: DOUBLE (Line Drive, 9LD)
Batting: RHB Donald Sanford 0-0: 2-RUN HOME RUN (Flyball, 78XD), Distance : 387 ft
Batting: RHB Diego Rivera 0-0: Called Strike
0-1: SINGLE (Groundball, 34D)
Batting: RHB Germano Labrego 0-0: Fielders Choice at 2nd, 5-4 (Groundball, 5L)
Top of the 4th over - 2 runs, 3 hits, 0 errors, 1 left on base; Allentown 2 - Tuscaloosa 0
BOTTOM OF THE 4TH
Tuscaloosa Trout Slayers batting - Pitching for Allentown Hillbillies : LHP Beau Montgomery
Batting: RHB José Fernández 0-0: Ball
1-0: Swinging Strike
1-1: SINGLE (Line Drive, 34)
Batting: LHB José Delgado 0-0: Ball
1-0: Called Strike
1-1: Ball
2-1: DOUBLE (Line Drive, 8LXD)
José Fernández to third
Batting: LHB Ed Hart 0-0: Ball
1-0: Ball
2-0: Called Strike
2-1: Ball
3-1: Fly out, F8 (Flyball, 8RM)
Batting: RHB Kyle O'Day 0-0: Called Strike
0-1: Ball
1-1: Ball
2-1: Fly out, F4 (Line Drive, 4)
Batting: RHB Satoru Daikawa 0-0: Called Strike
0-1: Called Strike
0-2: Fly out, F3 (Popup, 3L)
Bottom of the 4th over - 0 runs, 2 hits, 0 errors, 2 left on base; Allentown 2 - Tuscaloosa 0
TOP OF THE 5TH
Allentown Hillbillies batting - Pitching for Tuscaloosa Trout Slayers : RHP Fernando Rodríguez
Batting: RHB Justin Harris 0-0: Called Strike
0-1: Called Strike
0-2: Strikes out swinging, 2-3 out at first.
Batting: RHB Joel Jackson 0-0: Swinging Strike
0-1: Foul Ball, location: 2F
0-2: Ball
1-2: Ball
2-2: Strikes out swinging
Batting: LHB António Salazar 0-0: Ball
1-0: Foul Ball, location: 2F
1-1: Ball
2-1: Ball
3-1: Base on Balls
Batting: RHB Von Ford 0-0: Called Strike
António Salazar steals 2nd base
0-1: Foul Ball, location: 2F
0-2: SINGLE (Groundball, 6D)
António Salazar to third
Runner from 3rd tries for Home, SAFE, no throw
Batting: RHB Dan Banks 0-0: Ball
1-0: Foul Ball, location: 2F
1-1: Ball
2-1: Foul Ball, location: 2F
2-2: SINGLE (Groundball, 6MD)
Von Ford to second
Batting: LHB John Hudson 0-0: Foul Ball, location: 2F
0-1: Ball
1-1: Ball
2-1: 3-RUN HOME RUN (Flyball, 9D), Distance : 384 ft
Batting: RHB Donald Sanford 0-0: Swinging Strike
0-1: Foul Ball, location: 2F
0-2: Strikes out swinging
Top of the 5th over - 4 runs, 3 hits, 0 errors, 0 left on base; Allentown 6 - Tuscaloosa 0
BOTTOM OF THE 5TH
Tuscaloosa Trout Slayers batting - Pitching for Allentown Hillbillies : LHP Beau Montgomery
Batting: RHB Iván Moreno 0-0: Called Strike
0-1: Fly out, F4 (Line Drive, 4)
Batting: LHB Mark Owens 0-0: Ball
1-0: Foul Ball, location: 2F
1-1: Ball
2-1: Foul Ball, location: 2F
2-2: Strikes out swinging
Batting: LHB Pedro Juárez 0-0: Called Strike
0-1: Called Strike
0-2: Strikes out looking
Bottom of the 5th over - 0 runs, 0 hits, 0 errors, 0 left on base; Allentown 6 - Tuscaloosa 0
TOP OF THE 6TH
Allentown Hillbillies batting - Pitching for Tuscaloosa Trout Slayers : RHP Fernando Rodríguez
Pitching: RHP Marlon Ryan
Batting: RHB Diego Rivera 0-0: Foul Ball, location: 2F
0-1: Foul Ball, location: 2F
0-2: Ball
1-2: Ball
2-2: Strikes out swinging
Batting: RHB Germano Labrego 0-0: Ball
1-0: Fly out, F6 (Line Drive, 6)
Batting: RHB Justin Harris 0-0: Called Strike
0-1: Foul Ball, location: 2F
0-2: Ball
1-2: Strikes out looking
Top of the 6th over - 0 runs, 0 hits, 0 errors, 0 left on base; Allentown 6 - Tuscaloosa 0
BOTTOM OF THE 6TH
Tuscaloosa Trout Slayers batting - Pitching for Allentown Hillbillies : LHP Beau Montgomery
Batting: RHB Alfredo Díaz 0-0: Called Strike
0-1: Foul Ball, location: 2F
0-2: Ball
1-2: Strikes out swinging
Batting: RHB José Fernández 0-0: Called Strike
0-1: Ball
1-1: Swinging Strike
1-2: Ball
2-2: Foul Ball, location: 2F
2-2: Strikes out swinging
Batting: LHB José Delgado 0-0: SINGLE (Groundball, 4S) (infield hit)
Batting: LHB Ed Hart 0-0: Called Strike
0-1: Ball
1-1: Fly out, F7 (Flyball, 78D)
Bottom of the 6th over - 0 runs, 1 hit, 0 errors, 1 left on base; Allentown 6 - Tuscaloosa 0
TOP OF THE 7TH
Allentown Hillbillies batting - Pitching for Tuscaloosa Trout Slayers : RHP Marlon Ryan
Batting: RHB Joel Jackson 0-0: Ball
1-0: Swinging Strike
1-1: Ground out 5-3 (Groundball, 56)
Batting: LHB António Salazar 0-0: Called Strike
0-1: Foul Ball, location: 2F
0-2: Strikes out swinging
Batting: RHB Von Ford 0-0: Ball
1-0: Ball
2-0: Ball
3-0: Called Strike
3-1: Ground out 5-3 (Groundball, 56)
Top of the 7th over - 0 runs, 0 hits, 0 errors, 0 left on base; Allentown 6 - Tuscaloosa 0
BOTTOM OF THE 7TH
Tuscaloosa Trout Slayers batting - Pitching for Allentown Hillbillies : LHP Beau Montgomery
Batting: RHB Kyle O'Day 0-0: Called Strike
0-1: Foul Ball, location: 2F
0-2: Ball
1-2: Fly out, F8 (Flyball, 89M)
Batting: RHB Satoru Daikawa 0-0: Ball
1-0: Ground out 4-3 (Groundball, 4)
Batting: RHB Iván Moreno 0-0: Fly out, F6 (Line Drive, 6)
Bottom of the 7th over - 0 runs, 0 hits, 0 errors, 0 left on base; Allentown 6 - Tuscaloosa 0
TOP OF THE 8TH
Allentown Hillbillies batting - Pitching for Tuscaloosa Trout Slayers : RHP Marlon Ryan
Batting: RHB Dan Banks 0-0: Ball
1-0: Foul Ball, location: 2F
1-1: Ball
2-1: Swinging Strike
2-2: Ball
3-2: Base on Balls
Batting: LHB John Hudson 0-0: Ball
1-0: Ground out 4-3 (Groundball, 4M)
Dan Banks to second
Batting: RHB Donald Sanford 0-0: Ball
1-0: Called Strike
1-1: Ball
2-1: Foul Ball, location: 2F
2-2: Foul Ball, location: 2F
2-2: Foul Ball, location: 2F
2-2: Ball
3-2: Base on Balls
Batting: RHB Diego Rivera 0-0: Ball
1-0: Ball
2-0: Foul Ball, location: 2F
2-1: Ball
3-1: Called Strike
3-2: Strikes out looking
Batting: RHB Germano Labrego 0-0: Foul Ball, location: 2F
0-1: Ball
1-1: Ball
2-1: Foul Ball, location: 2F
2-2: Foul Ball, location: 2F
2-2: Ball
3-2: Foul Ball, location: 2F
3-2: Base on Balls
Dan Banks to third
Donald Sanford to second
Batting: RHB Justin Harris 0-0: SINGLE (Line Drive, 6MD)
Dan Banks scores
Donald Sanford to third
Germano Labrego to second
Runner from 3rd tries for Home, SAFE, no throw
Batting: RHB Joel Jackson 0-0: Called Strike
0-1: Ball
1-1: Called Strike
1-2: SINGLE (Groundball, 34D)
Germano Labrego to third
Justin Harris to second
Runner from 3rd tries for Home, SAFE, no throw
Batting: LHB António Salazar 0-0: Foul Ball, location: 2F
0-1: Foul Ball, location: 2F
0-2: DOUBLE (Line Drive, 78XD)
Justin Harris scores
Joel Jackson to third
Batting: RHB Von Ford 0-0: Ball
1-0: Ball
2-0: Called Strike
2-1: Foul Ball, location: 2F
2-2: Ball
3-2: DOUBLE (Line Drive, 7D)
Joel Jackson scores
António Salazar scores
Batting: RHB Dan Banks 0-0: Called Strike
0-1: Fly out, F9 (Flyball, 89M)
Top of the 8th over - 6 runs, 4 hits, 0 errors, 1 left on base; Allentown 12 - Tuscaloosa 0
BOTTOM OF THE 8TH
Tuscaloosa Trout Slayers batting - Pitching for Allentown Hillbillies : LHP Beau Montgomery
Batting: LHB Mark Owens 0-0: Ball
1-0: Ball
2-0: Called Strike
2-1: Ground out 3-1 (Groundball, 34)
Batting: LHB Pedro Juárez 0-0: Ball
1-0: Fly out, F5 (Popup, 6S)
Batting: RHB Alfredo Díaz 0-0: Foul Ball, location: 2F
0-1: Foul Ball, location: 2F
0-2: Ball
1-2: SINGLE (Groundball, 56S) (infield hit)
Batting: RHB José Fernández 0-0: Ball
1-0: Ball
2-0: Called Strike
2-1: Fly out, F9 (Line Drive, 9)
Bottom of the 8th over - 0 runs, 1 hit, 0 errors, 1 left on base; Allentown 12 - Tuscaloosa 0
TOP OF THE 9TH
Allentown Hillbillies batting - Pitching for Tuscaloosa Trout Slayers : RHP Marlon Ryan
Pitching: RHP Juan Patino
Batting: LHB John Hudson 0-0: Called Strike
0-1: Ball
1-1: Ball
2-1: Called Strike
2-2: Ball
3-2: Foul Ball, location: 2F
3-2: Base on Balls
Batting: RHB Donald Sanford 0-0: Ball
1-0: Foul Ball, location: 2F
1-1: Called Strike
1-2: Ball
2-2: Ball
3-2: Base on Balls
John Hudson to second
Batting: RHB Diego Rivera 0-0: Called Strike
0-1: Foul Ball, location: 2F
0-2: Ball
1-2: Strikes out looking
Batting: RHB Germano Labrego 0-0: Called Strike
0-1: Fielders Choice at 2nd, 1-6 (Groundball, P)
John Hudson to third
Batting: RHB Justin Harris 0-0: Ball
1-0: Called Strike
1-1: Foul Ball, location: 2F
1-2: Strikes out swinging
Top of the 9th over - 0 runs, 0 hits, 0 errors, 2 left on base; Allentown 12 - Tuscaloosa 0
BOTTOM OF THE 9TH
Tuscaloosa Trout Slayers batting - Pitching for Allentown Hillbillies : LHP Beau Montgomery
Now at 1B: Carl Brown
Now at SS: António Yánez
Batting: LHB José Delgado 0-0: Ball
1-0: Foul Ball, location: 2F
1-1: Ground out 4-3 (Groundball, 4)
Batting: LHB Ed Hart 0-0: Fly out, F8 (Flyball, 78D)
Batting: RHB Kyle O'Day 0-0: Called Strike
0-1: Ball
1-1: Ball
2-1: Foul Ball, location: 2F
2-2: Ball
3-2: Base on Balls
Pinch Hitting: RHB Kurt Walter 0-0: Swinging Strike
0-1: Called Strike
0-2: Ball
1-2: Ball
2-2: Ball
3-2: Base on Balls
Kyle O'Day to second
Batting: RHB Iván Moreno 0-0: Ball
1-0: SINGLE (Groundball, 6MD)
Kyle O'Day to third
Kurt Walter to second
Batting: LHB Mark Owens 0-0: Ball
1-0: Ball
2-0: Foul Ball, location: 2F
2-1: Ball
3-1: Base on Balls
Kyle O'Day scores
Kurt Walter to third
Iván Moreno to second
Pitching: RHP Eric Terry
Batting: LHB Pedro Juárez 0-0: Ball
1-0: Called Strike
1-1: Called Strike
1-2: Ball
2-2: Ball
3-2: Strikes out looking
Bottom of the 9th over - 1 run, 1 hit, 0 errors, 3 left on base; Allentown 12 - Tuscaloosa 1
Saturday, December 16th, 2017 - OOTP Baseball 18.8 Build 76